 Dungeon Crawl Stone Soup version 0.24.0-13-gcf9b319 (webtiles) character file.

Game seed: 1429553381920911838, levelgen mode: deterministic

144 Fang the Skirmisher (level 5, -8/33 HPs)
             Began as a Gargoyle Berserker on Dec 10, 2019.
             Was a Believer of Trog.
             Mangled by Edmund
             ... wielding a +4 flail of protection
              (12 damage)
             ... on level 4 of the Dungeon.
             The game lasted 00:05:51 (2724 turns).

Fang the Skirmisher (Gargoyle Berserker)            Turns: 2724, Time: 00:05:51

Health: -8/33      AC:  6    Str: 21    XL:     5   Next: 27%
Magic:  5/5        EV: 12    Int:  8    God:    Trog [**....]
Gold:   174        SH:  0    Dex:  9    Spells: 4/4 levels left

rFire    . . .     SeeInvis .   a - +0 hand axe
rCold    . . .     Gourm    .   (no shield)
rNeg     + . .     Faith    .   b - +0 animal skin
rPois    ∞         Spirit   .   (no helmet)
rElec    +         Reflect  .   (no cloak)
rCorr    .         Harm     .   (no gloves)
MR       .....                  (no boots)
Stlth    +.........             (no amulet)
HPRegen  0.11/turn              (no ring)
MPRegen  0.09/turn              (no ring)

@: berserk cooldown, slowed, very slow
A: negative energy resistance 1, electricity resistance, unbreathing,
petrification resistance, rot immunity, AC +4
a: Berserk, Trog's Hand, Renounce Religion


You were on level 4 of the Dungeon.
You worshipped Trog.
Trog was pleased with you.
You were near starving.

You visited 1 branch of the dungeon, and saw 4 of its levels.

You collected 174 gold pieces.

Inventory:

Hand Weapons
 a - a +0 hand axe (weapon)
Armour
 b - a +0 animal skin (worn)
Jewellery
 n - a cursed +2 ring of evasion
Scrolls
 e - a scroll of random uselessness {unknown}
 g - 4 scrolls of teleportation {unknown}
 h - a scroll of remove curse {unknown}
 k - 3 scrolls of magic mapping {unknown}
 p - 2 scrolls of identify {unknown}
 q - a scroll of fog {unknown}
Potions
 d - a potion of resistance {unknown}
 f - a potion of ambrosia {unknown}
 j - 2 potions of magic {unknown}
 l - a potion of mutation {unknown}
 m - 2 potions of berserk rage {unknown}
 o - 4 potions of curing {unknown}
 r - 2 potions of agility {unknown}
Comestibles
 c - 2 rations


   Skills:
 + Level 4.3 Fighting
 + Level 3.5 Axes
 + Level 3.4 Armour
 + Level 2.5 Dodging


You had 4 spell levels left.
You didn't know any spells.
Your spell library was empty.

Dungeon Overview and Level Annotations

Branches:
Dungeon (4/15)
 Temple: D:4-7

Altars:

Annotations:
D:4 Edmund, Natasha


Innate Abilities, Weirdness & Mutations

You are resistant to torment.
Your stone body is resilient. (AC +4)
You are immune to poison.
You resist negative energy. (rN+)
You are resistant to electric shocks. (rElec)
You can survive without breathing.
You are immune to petrification.
You are immune to rotting.


Message History

Edmund is almost dead.
Edmund barely misses you.
You hit Edmund but do no damage.
Edmund is almost dead.
Edmund hits you but does no damage.
Edmund hits you with a +4 flail of protection.
You closely miss Edmund.
Edmund is almost dead.
Natasha mumbles some strange words.
Natasha shimmers violently.
Edmund hits you with a +4 flail of protection.
You closely miss Edmund.
Edmund is almost dead.
Edmund hits you with a +4 flail of protection!
* * * LOW HITPOINT WARNING * * *
You hit Edmund but do no damage.
Edmund is almost dead.
Edmund misses you.
Edmund hits you with a +4 flail of protection!
You die...

#.#
#.#
#.#
###.#
#..(#
#.###
#.#
#.#
#@#
#@#


#hr #l5. #.##. #.# .. ... .. #.# .. You could see Edmund, Natasha, a crimson
imp, a quokka and a frilled lizard.

Vanquished Creatures
  A worker ant (D:4)
  6 adders
  2 oozes
  2 worms
  A dart slug (D:2)
  2 orcs
  5 bats
  3 giant cockroaches
  4 goblins
  5 hobgoblins
  4 jackals (D:2)
  A quokka (D:3)
  2 frilled lizards (D:2)
  8 kobolds
  5 rats
51 creatures vanquished.

Notes
Turn   | Place    | Note
-------+----------+-------------------------------------------
     0 | D:1      | Fang the Gargoyle Berserker began the quest for the Orb.
     0 | D:1      | Reached XP level 1. HP: 14/14 MP: 1/1
   334 | D:1      | Reached XP level 2. HP: 19/19 MP: 2/2
   820 | D:2      | Reached XP level 3. HP: 21/23 MP: 3/3
  1049 | D:2      | Reached ** piety under Trog
  1326 | D:2      | Reached XP level 4. HP: 27/29 MP: 4/4
  1395 | D:2      | Reached skill level 4 in Fighting
  2077 | D:3      | Reached XP level 5. HP: 31/33 MP: 5/5
  2697 | D:4      | Noticed Edmund
  2700 | D:4      | Noticed Natasha
  2724 | D:4      | Mangled by Edmund

Levels and vault maps discovered:
D:1:      mainiacjoe_arrival_reflecting_pool, layout_basic
D:2:      layout_rooms
D:3:      layout_loops_ring, serial_forest, infiniplex_forest_clump_cross,
          infiniplex_forest_corner_1, infiniplex_forest_straight_4,
          infiniplex_forest_straight_2, infiniplex_forest_corner_2,
          infiniplex_forest_clump_small, infiniplex_forest_clump_tiny,
          minmay_crystal_water
D:4:      layout_loops_ring, uniq_robin, uniq_edmund, uniq_natasha

Skill      XL: |  1  2  3  4 |
---------------+-------------+-----
Axes           | 3 |  3.5
Dodging        | 2 |  2.5
Fighting       | 4 |  4.3
Armour         | 3 |  3.4

Action                   |  1- 3 |  4- 6 || total
-------------------------+-------+-------++-------
Melee: Hand axe          |    98 |   113 ||   211
Invok: Berserk           |     2 |     1 ||     3
 Stab: Sleeping          |     1 |       ||     1
  Eat: Chunk             |     3 |     4 ||     7
Armor: Animal skin       |    42 |    34 ||    76
Dodge: Dodged            |    70 |    87 ||   157
